[Event "Titled Tuesday Blitz August 22 Late 2023"]
[White "angelgab3"]
[Black "Salazar Farias, Luis German"]
[BlackFideId "3902170"]
[WhiteElo "2570"]
[BlackElo "2466"]
[Result "1-0"]
[Round "10"]
[TimeControl "180+1"]
[Date "2023.08.22"]
[WhiteClock "0:00:33"]
[BlackClock "0:00:00"]
[Board "57"]

1. e4 c6 2. d4 d5 3. e5 Bf5 4. Nd2 e6 5. Nb3 Nd7 6. Nf3 Ne7 7. Be2 a6 8. O-O c5 9. dxc5 Nc6 10. Nbd4 Bg6 11. Nxc6 bxc6 12. b4 Qb8 13. Qd4 Be7 14. Bf4 Bxc2 15. Rfc1 Be4 16. Nd2 Bg6 17. Nb3 O-O 18. Na5 Qc7 19. Bg3 Qc8 20. h4 f6 21. h5 fxe5 22. Bxe5 Nxe5 23. Qxe5 Bf6 24. Qh2 Bf5 25. Qd6 Bxa1 26. Rxa1 Qe8 27. Nxc6 Be4 28. Ne5 Rd8 29. Qxa6 Rf6 30. c6 Qf8 31. c7 Rc8 32. Nd7 Rxf2 33. Nxf8 Rxg2+ 34. Kf1 Rxf8+ 35. Ke1 Rg1+ 36. Kd2 Rxa1 37. c8=Q Rxa2+ 38. Qxa2 Rxc8 39. Qa6 Rc2+ 40. Ke3 Kf7 41. Qb7+ Kf6 42. Qb8 g6 43. Qf4+ Ke7 44. hxg6 hxg6 45. b5 Rc3+ 46. Kd4 Rc2 47. Bd3 Bxd3 48. Kxd3 Rc4 49. Qb8 Kf6 50. b6 g5 51. b7 g4 52. Qh8+ Kf5 53. b8=Q 1-0


[Site "https://www.chess.com"]

[Event "Titled Tuesday Blitz August 22 Late 2023"]
[White "D`Arruda, Ricardo D."]
[Black "Shohat, Yotam"]
[WhiteFideId "100692"]
[BlackFideId "2813955"]
[WhiteElo "2552"]
[BlackElo "2465"]
[Result "1-0"]
[Round "10"]
[TimeControl "180+1"]
[Date "2023.08.22"]
[WhiteClock "0:00:34"]
[BlackClock "0:00:00"]
[Board "58"]

1. d4 Nf6 2. Nf3 e6 3. c4 d5 4. Nc3 Nbd7 5. e3 a6 6. cxd5 exd5 7. Bd3 c5 8. dxc5 Nxc5 9. Bc2 Be7 10. O-O O-O 11. b3 Bg4 12. Bb2 Nce4 13. h3 Bh5 14. Ne2 Bxf3 15. gxf3 Ng5 16. Kg2 Qc8 17. Ng1 Rd8 18. Qd3 Qe6 19. h4 Nge4 20. Nh3 Nh5 21. fxe4 Qg4+ 22. Kh2 Bxh4 23. Rg1 Qf3 24. Qd1 dxe4 25. Qxf3 exf3 26. Rad1 Bf6 27. Bxf6 Nxf6 28. Rg3 Rxd1 29. Bxd1 Ne4 30. Rxf3 Nc3 31. Bc2 Nxa2 32. Ng5 f6 33. Ne6 Re8 34. Nd4 Nb4 35. Bf5 g6 36. Bb1 Kg7 37. Rf4 Nd5 38. Re4 Ne7 39. Ne6+ Kf7 40. Nc5 Rb8 41. b4 Nc6 42. Ba2+ Kg7 43. Bd5 Ne5 44. Bxb7 g5 45. f4 gxf4 46. exf4 Ng4+ 47. Kg3 f5 48. Re7+ Kf6 49. Rxh7 Rg8 50. Bd5 Rg7 51. Nd7+ Kg6 52. Nf8+ Kf6 53. Nd7+ Kg6 54. Rxg7+ Kxg7 55. Nc5 Ne3 56. Be6 Nc2 57. Nxa6 Kf6 58. Bc8 Nd4 59. Bd7 Ne2+ 60. Kf3 Nd4+ 61. Kf2 Ke7 62. Ba4 Kd6 63. b5 Ne6 64. b6 1-0


[Site "https://www.chess.com"]

[Event "Titled Tuesday Blitz August 22 Late 2023"]
[White "Leebit02"]
[Black "KrokerGuy"]
[WhiteElo "2549"]
[BlackElo "2464"]
[Result "1-0"]
[Round "10"]
[TimeControl "180+1"]
[Date "2023.08.22"]
[WhiteClock "0:00:32"]
[BlackClock "0:00:01"]
[Board "59"]

1. Nf3 Nf6 2. c4 e6 3. e3 d5 4. b3 b6 5. Bb2 Bb7 6. Nc3 Be7 7. Be2 O-O 8. Qc2 c5 9. Rg1 Nc6 10. g4 d4 11. g5 dxc3 12. gxf6 Bxf6 13. Bxc3 Nb4 14. Qb2 Bxc3 15. Qxc3 f6 16. d4 a5 17. a3 Nc6 18. O-O-O cxd4 19. exd4 Qe7 20. Kb2 Rad8 21. Qe3 Rd7 22. c5 Rfd8 23. Bc4 Kf7 24. Bxe6+ Qxe6 25. Rxg7+ Kxg7 26. Qxe6 Re7 27. Rg1+ Kh8 28. Qxf6+ 1-0


[Site "https://www.chess.com"]

[Event "Titled Tuesday Blitz August 22 Late 2023"]
[White "ExchangeAB"]
[Black "Estrada Nieto, Julian"]
[BlackFideId "5101018"]
[WhiteElo "2451"]
[BlackElo "2541"]
[Result "1-0"]
[Round "10"]
[TimeControl "180+1"]
[Date "2023.08.22"]
[WhiteClock "0:00:29"]
[BlackClock "0:00:00"]
[Board "60"]

1. d4 d5 2. Nc3 Nf6 3. Bf4 c6 4. e3 Bf5 5. f3 e6 6. g4 Bg6 7. h4 h5 8. g5 Nfd7 9. Nge2 Nb6 10. b3 a6 11. a3 c5 12. Bxb8 Qxb8 13. Nf4 cxd4 14. Nxg6 Qg3+ 15. Ke2 fxg6 16. Qxd4 Qc7 17. Kd2 Bc5 18. Qd3 d4 19. Qxg6+ Kf8 20. Nd1 dxe3+ 21. Nxe3 Qe5 22. Re1 Rd8+ 23. Bd3 Bxa3 24. Qe4 Qxe4 25. fxe4 Ke7 26. Ref1 Rhf8 27. Ke2 Bc5 28. Ng2 e5 29. Rf5 Nd7 30. Rhf1 g6 31. Rxf8 Rxf8 32. Rxf8 Nxf8 33. Bc4 Ne6 34. Bd5 b6 35. Bxe6 Kxe6 36. Ne1 a5 37. Kd3 b5 38. Nf3 Bf2 39. c4 bxc4+ 40. Kxc4 Kd6 41. Kb5 1-0


[Site "https://www.chess.com"]

[Event "Titled Tuesday Blitz August 22 Late 2023"]
[White "ATM622"]
[Black "Haszon, David"]
[BlackFideId "733610"]
[WhiteElo "2531"]
[BlackElo "2463"]
[Result "0-1"]
[Round "10"]
[TimeControl "180+1"]
[Date "2023.08.22"]
[WhiteClock "0:00:00"]
[BlackClock "0:00:06"]
[Board "61"]

1. d4 Nf6 2. c4 c5 3. d5 b5 4. cxb5 a6 5. e3 axb5 6. Bxb5 Qa5+ 7. Nc3 Ne4 8. Ne2 g6 9. O-O Nxc3 10. Nxc3 Bg7 11. a4 O-O 12. Bd2 Ba6 13. Qe2 Qb6 14. e4 d6 15. f4 Nd7 16. Bxa6 Rxa6 17. Qb5 Qa7 18. Qc4 Nb6 19. Qb3 Bxc3 20. Bxc3 Nxa4 21. Qc4 Ra8 22. e5 Nxc3 23. Rxa6 Qxa6 24. Qxc3 Qa5 25. Qe3 c4 26. Rd1 Rd8 27. e6 f5 28. h4 Qb5 29. h5 Qb3 30. Qd4 gxh5 31. Rc1 Rb8 32. Rc3 Qxb2 33. Rg3+ Kf8 34. Qxc4 Qa1+ 35. Kh2 Qf6 36. Qe2 Qh4+ 37. Rh3 Qxf4+ 38. g3 Qe4 39. Qxe4 fxe4 40. Rxh5 Kg7 0-1


[Site "https://www.chess.com"]

[Event "Titled Tuesday Blitz August 22 Late 2023"]
[White "Lawson, Eric"]
[Black "Yang, Kevin"]
[WhiteFideId "2604116"]
[BlackFideId "30908485"]
[WhiteElo "2524"]
[BlackElo "2443"]
[Result "0-1"]
[Round "10"]
[TimeControl "180+1"]
[Date "2023.08.22"]
[WhiteClock "0:00:54"]
[BlackClock "0:00:05"]
[Board "62"]

1. e4 e6 2. d4 a6 3. f4 d5 4. e5 Ne7 5. Nf3 c5 6. dxc5 Nbc6 7. Be3 Nf5 8. Bf2 h5 9. c3 f6 10. Nbd2 fxe5 11. Nxe5 Nxe5 12. fxe5 Qc7 13. Nf3 Bxc5 14. Qd2 Bxf2+ 15. Qxf2 Bd7 16. Bd3 O-O 17. O-O Nh6 18. Kh1 Bb5 19. Bxb5 axb5 20. a3 Rf4 21. Qg3 Raf8 22. h3 R4f5 23. Rfe1 Rf4 24. Qg6 Qf7 25. Qxf7+ Kxf7 26. Nd4 Rf2 27. Rf1 Ke7 28. Kg1 Rxb2 29. Rxf8 Kxf8 30. Nxe6+ Kf7 31. Nd4 Ke7 32. a4 b4 33. cxb4 Rxb4 34. Nf3 Nf5 35. a5 Rb2 36. Rc1 Kd7 37. Rd1 Ne3 38. Rd3 Nxg2 39. Rxd5+ Ke7 40. Nd4 Nf4 41. Rd6 Nxh3+ 42. Kf1 Nf4 43. Nf5+ Kf7 44. Rb6 Rxb6 45. axb6 Ke6 46. Nd6 Nd5 47. Nxb7 Nxb6 48. Nc5+ Kxe5 49. Nd3+ Ke4 50. Nf2+ Kf3 51. Nh3 Nd5 52. Ng5+ Kg4 53. Ne6 g6 54. Kf2 Nf4 55. Nf8 h4 56. Kg1 g5 57. Kh2 Kf5 58. Nd7 g4 59. Nc5 g3+ 60. Kh1 Kg4 61. Ne4 Kf3 62. Ng5+ Kg4 63. Ne4 h3 64. Kg1 Ne2+ 65. Kh1 g2+ 66. Kh2 g1=Q# 0-1


[Site "https://www.chess.com"]

[Event "Titled Tuesday Blitz August 22 Late 2023"]
[White "Filip, Andrei"]
[Black "Filgueiras, Nathan Felipe"]
[WhiteFideId "1249452"]
[BlackFideId "2188562"]
[WhiteElo "2388"]
[BlackElo "2515"]
[Result "0-1"]
[Round "10"]
[TimeControl "180+1"]
[Date "2023.08.22"]
[WhiteClock "0:00:07"]
[BlackClock "0:00:26"]
[Board "64"]

1. e4 c5 2. Nf3 Nc6 3. Bb5 e5 4. c3 Bd6 5. O-O a6 6. Ba4 b5 7. Bc2 Nge7 8. d4 cxd4 9. cxd4 exd4 10. Nxd4 Nxd4 11. Qxd4 Qc7 12. Nc3 Bxh2+ 13. Kh1 Qe5 14. Qxe5 Bxe5 15. f4 Bxc3 16. bxc3 Bb7 17. Ba3 Nc6 18. Rad1 O-O-O 19. e5 Kb8 20. Bd6+ Ka8 21. Bc7 Rc8 22. Rxd7 Nd8 23. Rfd1 Ne6 24. Ba5 Nxf4 25. Rxf7 Rhf8 26. Rxg7 Rg8 27. Rdd7 Bxg2+ 28. Kh2 Bc6 29. Ra7+ Kb8 30. Bb4 Rxg7 31. Rxg7 Ne6 32. Bd6+ Ka8 33. Rxh7 Rg8 34. Re7 Nf4 35. Rc7 Bd5 36. Bb3 Rg2+ 37. Kh1 Rxa2+ 38. Bxd5+ Nxd5 39. Rf7 Re2 40. Kg1 Nxc3 41. Kf1 Re4 42. Rc7 Nd5 43. Rd7 Nf4 44. Kf2 Nd3+ 45. Kf3 Nxe5+ 46. Bxe5 Rxe5 47. Rd8+ Kb7 48. Rd6 Rc5 49. Ke3 Rc6 50. Rd7+ Kb6 51. Kd2 a5 52. Rd8 b4 53. Rb8+ Kc5 54. Ra8 Kb5 55. Rb8+ Ka4 56. Ra8 Rc5 57. Rb8 Ka3 58. Kd3 b3 59. Kd4 Rc7 60. Ra8 a4 61. Rb8 b2 0-1


[Site "https://www.chess.com"]

[Event "Titled Tuesday Blitz August 22 Late 2023"]
[White "Hambleton, Aman"]
[Black "Bazilius, Augustinas"]
[WhiteFideId "2606577"]
[BlackFideId "12832251"]
[WhiteElo "2768"]
[BlackElo "2463"]
[Result "1-0"]
[Round "10"]
[TimeControl "180+1"]
[Date "2023.08.22"]
[WhiteClock "0:00:05"]
[BlackClock "0:00:26"]
[Board "65"]

1. d4 Nf6 2. Bf4 g6 3. Nc3 Bg7 4. e4 d6 5. Qd2 c6 6. O-O-O b5 7. f3 Qa5 8. Kb1 b4 9. Nce2 Qb6 10. h4 a5 11. Bh6 Bxh6 12. Qxh6 Nbd7 13. Nh3 c5 14. Ng5 c4 15. Qg7 Rf8 16. Nf4 c3 17. Bc4 e6 18. Bxe6 fxe6 19. Nfxe6 Nh5 20. Qxh7 Ndf6 21. Qxg6+ Ke7 22. Nxf8 Kxf8 23. Qf7# 1-0


[Site "https://www.chess.com"]

[Event "Titled Tuesday Blitz August 22 Late 2023"]
[White "Pinto, Daniel"]
[Black "Tanenbaum, Zachary"]
[WhiteFideId "3303144"]
[BlackFideId "2060850"]
[WhiteElo "2456"]
[BlackElo "2683"]
[Result "1-0"]
[Round "10"]
[TimeControl "180+1"]
[Date "2023.08.22"]
[WhiteClock "0:00:15"]
[BlackClock "0:00:18"]
[Board "66"]

1. e4 e5 2. Nf3 Nc6 3. Bb5 a6 4. Ba4 d6 5. O-O Nf6 6. d3 b5 7. Bb3 Na5 8. d4 exd4 9. Qxd4 c5 10. Qe3 c4 11. e5 dxe5 12. Nxe5 Be6 13. Re1 Be7 14. Bd2 cxb3 15. axb3 Nb7 16. Nc6 Qc7 17. Nxe7 Qxe7 18. Qg3 O-O 19. Bg5 Nc5 20. Nd2 Kh8 21. b4 Ncd7 22. Qh4 Rfc8 23. c3 Nf8 24. Ne4 Ng6 25. Bxf6 gxf6 26. Qxf6+ Qxf6 27. Nxf6 Rd8 28. Ne4 Nf4 29. Nc5 Nd3 30. Nxe6 Nxe1 31. Nxd8 Nc2 32. Rd1 Kg7 33. Nb7 Re8 34. Kf1 Re6 35. Rc1 Rh6 36. h3 Rb6 37. Na5 Rd6 38. Rxc2 Rd1+ 39. Ke2 Rb1 40. Nb3 Rg1 41. g3 h5 42. Rc1 Rg2 43. Kf3 Rh2 44. h4 f5 45. Rf1 f4 46. Kxf4 Kf6 47. Nd4 Kg6 48. Nb3 Rg2 49. Kf3 Rh2 50. Nc5 Kf5 51. Nxa6 Ke5 52. Nc7 Kd6 53. Nxb5+ Kd5 54. b3 Ke5 55. Nd4 Kd5 56. Nc2 Ke5 57. Ne3 Kf6 58. Ke4 Kg6 59. c4 Kf6 60. b5 Ke6 61. c5 Kd7 62. Kd5 Kc7 63. b6+ Kb7 64. Kd6 Ka6 65. Kc7 Kb5 66. b7 Rxf2 67. b8=Q+ Kxc5 68. Qb6# 1-0


[Site "https://www.chess.com"]

[Event "Titled Tuesday Blitz August 22 Late 2023"]
[White "GaiozNigalidze"]
[Black "Mesa Cruz, Juan Carlos"]
[BlackFideId "6423400"]
[WhiteElo "2679"]
[BlackElo "2447"]
[Result "1-0"]
[Round "10"]
[TimeControl "180+1"]
[Date "2023.08.22"]
[WhiteClock "0:02:24"]
[BlackClock "0:00:00"]
[Board "67"]

1. e4 c5 2. Nf3 d6 3. d4 cxd4 4. Qxd4 Nf6 5. Bb5+ Bd7 6. Bxd7+ Qxd7 7. c4 Nc6 8. Qe3 g6 9. O-O h5 10. Qe2 Qe6 11. Nc3 Bg7 12. Nd5 1-0


[Site "https://www.chess.com"]

[Event "Titled Tuesday Blitz August 22 Late 2023"]
[White "Vlassov, Nikolai"]
[Black "Jorajuria Mendoza, Algol"]
[WhiteFideId "4103360"]
[BlackFideId "5128897"]
[WhiteElo "2598"]
[BlackElo "2436"]
[Result "1-0"]
[Round "10"]
[TimeControl "180+1"]
[Date "2023.08.22"]
[WhiteClock "0:00:33"]
[BlackClock "0:00:00"]
[Board "68"]

1. e4 c5 2. c3 Nf6 3. e5 Nd5 4. d4 cxd4 5. cxd4 Nc6 6. Nc3 e6 7. f4 Bb4 8. Bd2 Qa5 9. Nge2 b6 10. Qb3 Ba6 11. a3 Bxe2 12. Bxe2 Nxd4 13. Qd1 Bxc3 14. bxc3 Nxe2 15. Qxe2 Qa4 16. O-O Rc8 17. f5 Qc4 18. Qf3 O-O 19. f6 Qh4 20. g3 Qh3 21. Rae1 Rc4 22. Re4 Rxe4 23. Qxe4 Qh5 24. c4 Nc7 25. Bf4 Qg6 26. Qb7 Ne8 27. fxg7 Nxg7 28. Qxa7 Qc2 29. Qxb6 Qxc4 30. Rd1 Nf5 31. Rxd7 Qe2 32. Rd8 Qe1+ 33. Kg2 Qe2+ 34. Kg1 Qe1+ 35. Kg2 Qe2+ 36. Kh3 Qf1+ 37. Kg4 Qe2+ 38. Kg5 h6+ 39. Kf6 Qg4 40. Rxf8+ 1-0


[Site "https://www.chess.com"]

[Event "Titled Tuesday Blitz August 22 Late 2023"]
[White "Pinheiro, Iung Alicio de O."]
[Black "Ozalp, Burak"]
[WhiteFideId "2104350"]
[BlackFideId "6314210"]
[WhiteElo "2580"]
[BlackElo "2402"]
[Result "1-0"]
[Round "10"]
[TimeControl "180+1"]
[Date "2023.08.22"]
[WhiteClock "0:00:11"]
[BlackClock "0:00:47"]
[Board "69"]

1. d4 d5 2. c4 e6 3. Nc3 Nf6 4. cxd5 exd5 5. Bg5 Be7 6. e3 O-O 7. Bd3 c5 8. Nf3 Nc6 9. dxc5 Bxc5 10. O-O Bg4 11. Bxf6 Qxf6 12. Be2 Rad8 13. Rc1 Bb6 14. Nxd5 Qxb2 15. Rc2 Qa3 16. Rd2 Ba5 17. Rd3 Qxa2 18. h3 Be6 19. Nf4 Rxd3 20. Bxd3 Rd8 21. Nxe6 Qxe6 22. Qb1 g6 23. Rc1 Qd7 24. Bc4 Bc7 25. Qa2 Rf8 26. Ng5 Ne5 27. Bd5 h6 28. Ne4 Nd3 29. Nf6+ Kh8 30. Nxd7 Nxc1 31. Qb2+ f6 32. Qxc1 Rd8 33. Qxc7 1-0


[Site "https://www.chess.com"]

[Event "Titled Tuesday Blitz August 22 Late 2023"]
[White "Andrews, Todd"]
[Black "Grebeniuk, Semen"]
[WhiteFideId "2012456"]
[BlackFideId "14117509"]
[WhiteElo "2398"]
[BlackElo "2563"]
[Result "0-1"]
[Round "10"]
[TimeControl "180+1"]
[Date "2023.08.22"]
[WhiteClock "0:00:12"]
[BlackClock "0:00:25"]
[Board "70"]

1. e4 d5 2. exd5 Qxd5 3. Nc3 Qa5 4. d4 Nf6 5. Nf3 Bg4 6. h3 Bh5 7. g4 Bg6 8. Ne5 e6 9. Bg2 Be4 10. Kf1 Bxg2+ 11. Kxg2 Nbd7 12. Nc4 Qa6 13. Qe2 O-O-O 14. g5 Nd5 15. Nb5 Kb8 16. a4 Qc6 17. Qf3 Qxc4 18. Qxf7 a6 19. Nc3 Nxc3 20. bxc3 Bd6 21. Be3 Rhf8 22. Qxg7 Qxc3 23. Qxh7 Bf4 24. Qe4 Bxe3 25. fxe3 Qd2+ 26. Kg3 Qf2+ 27. Kg4 Rf5 28. Rab1 Nf6+ 29. gxf6 Rg8# 0-1


[Site "https://www.chess.com"]

[Event "Titled Tuesday Blitz August 22 Late 2023"]
[White "Antonio, Jorge Carlos"]
[Black "Vovk, Orest"]
[WhiteFideId "113190"]
[BlackFideId "14113490"]
[WhiteElo "2336"]
[BlackElo "2533"]
[Result "0-1"]
[Round "10"]
[TimeControl "180+1"]
[Date "2023.08.22"]
[WhiteClock "0:02:01"]
[BlackClock "0:01:44"]
[Board "71"]

1. d4 e6 2. Nf3 Nf6 3. c4 Bb4+ 4. Bd2 a5 5. a3 Bxd2+ 6. Nbxd2 a4 7. e3 O-O 8. Nb1 d6 9. Nc3 Re8 10. Nxa4 e5 11. dxe5 dxe5 12. Qxd8 Rxd8 13. Nxe5 Rxa4 14. b4 Be6 15. Nd3 Nbd7 16. c5 Rda8 17. c6 bxc6 18. Nf4 Rxa3 19. Rc1 Ra1 20. Kd2 Rxc1 21. Kxc1 Bc4 22. Kb2 Bxf1 23. Rxf1 Nd5 24. Nxd5 cxd5 25. Rc1 Ra7 26. Rc5 Nb6 27. Kc3 Na4+ 0-1


[Site "https://www.chess.com"]

[Event "Titled Tuesday Blitz August 22 Late 2023"]
[White "Fajdetic, Hrvoje"]
[Black "Jovic, Stanoje"]
[WhiteFideId "14501945"]
[BlackFideId "905020"]
[WhiteElo "2291"]
[BlackElo "2519"]
[Result "1/2-1/2"]
[Round "10"]
[TimeControl "180+1"]
[Date "2023.08.22"]
[WhiteClock "0:00:06"]
[BlackClock "0:00:09"]
[Board "72"]

1. d4 Nf6 2. Bf4 d5 3. e3 e6 4. Nf3 Bd6 5. Bg3 O-O 6. Bd3 b6 7. Qe2 c5 8. c3 a5 9. Nbd2 Ba6 10. Bxa6 Nxa6 11. e4 cxd4 12. e5 dxc3 13. bxc3 Ne4 14. exd6 Nxc3 15. Qd3 Rc8 16. Qxa6 b5 17. Rc1 f6 18. d7 Qxd7 19. Qxa5 d4 20. Nb3 e5 21. Rc2 Qd6 22. Nfxd4 b4 23. O-O Ra8 24. Nf5 Qe6 25. Qxb4 Nd5 26. Qg4 Kf7 27. h4 g6 28. Ne3 Nxe3 29. Qxe6+ Kxe6 30. fxe3 Rfd8 31. Rc6+ Rd6 32. Rxd6+ Kxd6 33. Rxf6+ Kd5 34. Rf2 Ke4 35. Rc2 Kxe3 36. Bxe5 Re8 37. Bg3 Ke4 38. Re2+ Kf5 39. Rxe8 Kg4 40. Rh8 h5 41. Rh7 Kxg3 42. Rg7 Kxh4 43. Rxg6 1/2-1/2


[Site "https://www.chess.com"]

[Event "Titled Tuesday Blitz August 22 Late 2023"]
[White "Zeck_CH"]
[Black "Feliz Dotel, Dewar Bienvenido"]
[BlackFideId "6402801"]
[WhiteElo "2480"]
[BlackElo "2207"]
[Result "1-0"]
[Round "10"]
[TimeControl "180+1"]
[Date "2023.08.22"]
[WhiteClock "0:01:03"]
[BlackClock "0:00:00"]
[Board "73"]

1. e4 e5 2. Nf3 Nc6 3. d4 exd4 4. Bc4 Nf6 5. Ng5 Ne5 6. Bb3 d5 7. f4 Neg4 8. O-O Nxe4 9. h3 Nxg5 10. fxg5 Ne3 11. Bxe3 dxe3 12. Bxd5 Be6 13. Bxe6 fxe6 14. Qf3 Qe7 15. Qxb7 Rd8 16. Nc3 Qc5 17. Kh1 Bd6 18. Ne4 Qe5 19. Qc6+ Ke7 20. Nxd6 Qxd6 21. Qc3 e5 22. Qxe3 Rhf8 23. Rxf8 Rxf8 24. Re1 Ke6 25. Qxa7 g6 26. Qe3 Rf5 27. a4 1-0


[Site "https://www.chess.com"]

[Event "Titled Tuesday Blitz August 22 Late 2023"]
[White "Bueno, Alfeu Junior Varela"]
[Black "Koziorowicz, Michal"]
[WhiteFideId "2108879"]
[BlackFideId "21809194"]
[WhiteElo "2422"]
[BlackElo "2615"]
[Result "1-0"]
[Round "10"]
[TimeControl "180+1"]
[Date "2023.08.22"]
[WhiteClock "0:00:33"]
[BlackClock "0:00:06"]
[Board "74"]

1. e4 c5 2. Nc3 Nc6 3. f4 g6 4. Nf3 Bg7 5. Bb5 Nd4 6. O-O Nxb5 7. Nxb5 d5 8. exd5 Nf6 9. c4 O-O 10. d4 e6 11. dxe6 Bxe6 12. d5 Bg4 13. Qb3 a6 14. Nc3 b5 15. Ne5 Bf5 16. cxb5 axb5 17. Qxb5 Nxd5 18. Qxc5 Ra5 19. Qd4 Nxf4 20. Qxd8 Nh3+ 21. gxh3 Rxd8 22. Nc6 Bd4+ 23. Nxd4 Rxd4 24. Be3 Rd3 25. Rfe1 Bxh3 26. Rad1 Rxd1 27. Rxd1 h5 28. Rd8+ Kh7 29. Bd4 Kh6 30. Bf6 g5 31. Rd5 Ra6 32. Bxg5+ Kg6 33. Be3 Re6 34. Kf2 f5 35. Bf4 Bg4 36. Rd6 Rxd6 37. Bxd6 Kf6 38. b4 Kg5 39. b5 h4 1-0


[Site "https://www.chess.com"]

[Event "Titled Tuesday Blitz August 22 Late 2023"]
[White "SergioMoralesG"]
[Black "Karttunen, Mika"]
[BlackFideId "502081"]
[WhiteElo "2424"]
[BlackElo "2612"]
[Result "0-1"]
[Round "10"]
[TimeControl "180+1"]
[Date "2023.08.22"]
[WhiteClock "0:00:03"]
[BlackClock "0:00:05"]
[Board "75"]

1. d4 d5 2. c4 e6 3. Nf3 Nf6 4. Nc3 Bb4 5. Bg5 h6 6. Bxf6 Qxf6 7. e3 O-O 8. Qb3 Nc6 9. cxd5 exd5 10. Be2 Be6 11. O-O Bxc3 12. Qxc3 Rfc8 13. b4 Ne7 14. a4 c6 15. Rfc1 Nf5 16. Qb3 Nd6 17. Nd2 a6 18. Rc3 Bd7 19. Rac1 b5 20. a5 Nc4 21. Nf1 Re8 22. Ng3 g6 23. Qd1 h5 24. Rb1 h4 25. Nf1 Bf5 26. Rbc1 Re7 27. Nd2 Rae8 28. Nf3 g5 29. h3 Be4 30. Nh2 Qg7 31. Bf3 Bh7 32. Be2 f5 33. Nf3 f4 34. Bxc4 bxc4 35. Ne5 Rc7 36. exf4 gxf4 37. Qd2 Rf8 38. Rf3 Qg5 39. Re1 Bf5 40. Kh2 Be4 41. Rc3 Rg7 42. f3 Bf5 43. Ng4 Bxg4 44. hxg4 Re7 45. Rcc1 Rfe8 46. Rxe7 Rxe7 47. Re1 Re3 48. Rxe3 fxe3 49. Qe2 Qf4+ 50. Kg1 c3 51. Qd3 c2 52. Qxc2 Qxd4 53. Qe2 Kf7 54. Kh2 Kf6 55. Kh3 Kg5 56. Qe1 Kg6 57. Qxh4 e2 58. Qe1 Qe3 59. Kh2 d4 60. g3 d3 61. Kg2 d2 62. Qb1+ Kg7 63. Qb2+ Kg8 64. Qa2+ Kf8 65. Qb2 e1=N+ 66. Kf1 Qxf3+ 67. Kg1 Qg2# 0-1


[Site "https://www.chess.com"]

[Event "Titled Tuesday Blitz August 22 Late 2023"]
[White "Garcia Blanco, Omar"]
[Black "Ronka, Erik"]
[WhiteFideId "2287153"]
[BlackFideId "505080"]
[WhiteElo "2587"]
[BlackElo "2420"]
[Result "1-0"]
[Round "10"]
[TimeControl "180+1"]
[Date "2023.08.22"]
[WhiteClock "0:00:26"]
[BlackClock "0:00:06"]
[Board "76"]

1. e4 c5 2. c3 g6 3. d4 cxd4 4. cxd4 d5 5. exd5 Qxd5 6. Nc3 Qd6 7. Nf3 Bg7 8. Bc4 Nf6 9. O-O O-O 10. h3 a6 11. a4 b6 12. Ne5 Bb7 13. Bf4 Qb4 14. Qe2 Nbd7 15. Na2 Qxa4 16. Nc3 Qb4 17. Ra4 Qd6 18. Nxg6 hxg6 19. Bxd6 exd6 20. Raa1 b5 21. Bb3 Rfe8 22. Qd2 b4 23. Ne2 a5 24. Nf4 Bh6 25. Rfe1 Kg7 26. g3 Ne4 27. Qd3 Ndf6 28. h4 Bxf4 29. gxf4 Rh8 30. d5 Nc5 31. Qh3 Nxd5 32. Bxd5 Bxd5 33. Rad1 Be6 34. Qg3 Bf5 35. Rxd6 Ne4 36. Rxe4 Bxe4 37. Qe3 Bf5 38. Qe5+ Kh6 39. Qf6 Rhf8 40. h5 Kh7 41. hxg6+ fxg6 42. Qe7+ Kg8 43. Qb7 a4 44. Qxb4 Rae8 45. Kg2 Re4 46. Rd4 Rxd4 47. Qxd4 Rb8 48. Qd5+ Kh7 49. Qf7+ Kh6 50. Qf6 Rb3 51. Qh8# 1-0


[Site "https://www.chess.com"]

[Event "Titled Tuesday Blitz August 22 Late 2023"]
[White "Sanchez Castillo, Sarai Carolina"]
[Black "Chor, Kevin"]
[WhiteFideId "3900754"]
[BlackFideId "2090740"]
[WhiteElo "2420"]
[BlackElo "2560"]
[Result "0-1"]
[Round "10"]
[TimeControl "180+1"]
[Date "2023.08.22"]
[WhiteClock "0:00:00"]
[BlackClock "0:00:16"]
[Board "77"]

1. e4 c5 2. Nf3 d6 3. Nc3 Nf6 4. e5 dxe5 5. Nxe5 a6 6. a4 e6 7. Be2 Bd6 8. Nc4 Bc7 9. Bf3 O-O 10. O-O Nbd7 11. d3 Rb8 12. a5 h6 13. Be3 Ne5 14. Nxe5 Bxe5 15. Qd2 Qc7 16. Ra4 Bd4 17. Ne2 e5 18. c3 Kh7 19. cxd4 cxd4 20. Bf4 exf4 21. Rxd4 g5 22. h4 Bf5 23. Nxf4 Rbd8 24. Rxd8 Rxd8 25. hxg5 hxg5 26. Nh5 Kg6 27. Nxf6 Rxd3 28. Qc1 Qxa5 29. Ng4 Rd4 30. Ne3 Be6 31. Be2 f5 32. Qc3 Qe5 33. Rc1 f4 34. Qc7 Qxc7 35. Rxc7 fxe3 36. fxe3 Rd2 37. Rxb7 Rxe2 38. Kh2 Rxg2+ 39. Kxg2 Bd5+ 40. Kg3 Bxb7 41. e4 Bxe4 0-1


[Site "https://www.chess.com"]

[Event "Titled Tuesday Blitz August 22 Late 2023"]
[White "Boor, Carl"]
[Black "Harriott, Tyrell"]
[WhiteFideId "2017008"]
[BlackFideId "2086484"]
[WhiteElo "2552"]
[BlackElo "2412"]
[Result "1-0"]
[Round "10"]
[TimeControl "180+1"]
[Date "2023.08.22"]
[WhiteClock "0:00:37"]
[BlackClock "0:00:45"]
[Board "78"]

1. d4 e6 2. c4 d5 3. Nf3 c6 4. Qc2 f5 5. Nc3 Bd6 6. Bg5 Ne7 7. e3 O-O 8. Bd3 Qe8 9. c5 Bc7 10. Bf4 Bd8 11. h3 Nd7 12. g4 Ng6 13. Bd6 Be7 14. Bxe7 Qxe7 15. gxf5 exf5 16. O-O-O Nf6 17. h4 Ne4 18. h5 Nh8 19. Rdg1 Nf7 20. Nh4 Nh6 21. Nd1 b6 22. f3 Nf6 23. Ng2 bxc5 24. Qxc5 Qb7 25. Nf4 Nd7 26. Qe7 Rf7 27. Qg5 Kh8 28. Ng6+ hxg6 29. hxg6 Nf6 30. Rxh6+ Kg8 31. gxf7+ Qxf7 32. Rxf6 1-0


[Site "https://www.chess.com"]

[Event "Titled Tuesday Blitz August 22 Late 2023"]
[White "Romero Ruscalleda, Josep"]
[Black "Ganiev, Roman"]
[WhiteFideId "2231859"]
[BlackFideId "4131452"]
[WhiteElo "2406"]
[BlackElo "2552"]
[Result "1-0"]
[Round "10"]
[TimeControl "180+1"]
[Date "2023.08.22"]
[WhiteClock "0:00:47"]
[BlackClock "0:00:04"]
[Board "79"]

1. e4 c5 2. c3 Nf6 3. e5 Nd5 4. Nf3 Nc6 5. Bc4 e6 6. d4 cxd4 7. cxd4 Be7 8. O-O O-O 9. Nc3 Nxc3 10. bxc3 d6 11. exd6 Qxd6 12. Qe2 b6 13. a4 Bb7 14. Ba3 Qc7 15. Bxe7 Nxe7 16. Rfc1 Bxf3 17. gxf3 Ng6 18. Bd3 Nf4 19. Qe4 f5 20. Qe3 Rf6 21. Bf1 Rg6+ 22. Kh1 Rh6 23. Qe5 Qxe5 24. dxe5 Ng6 25. a5 Rb8 26. axb6 axb6 27. Re1 Rh4 28. Ra7 Rf4 29. Rd1 Nxe5 30. Re7 Rxf3 31. Rxe6 Ng4 32. Bc4 Kh8 33. Rd7 Rxc3 34. Be2 Nf6 35. Rf7 b5 36. Ree7 Rg8 37. Bxb5 Rc5 38. Bd3 h6 39. Kg2 Kh7 40. Rxf6 Rd8 41. Bxf5+ Kh8 42. Rff7 Rg8 43. h4 Ra5 44. h5 Rc5 45. Bg6 Ra5 46. Rf4 Raa8 47. Rfe4 Rab8 48. Re8 Rgxe8 49. Rxe8+ Rxe8 50. Bxe8 Kg8 51. Bg6 Kf8 52. Kf3 Ke7 53. Ke4 Kf6 54. f4 Ke7 55. Ke5 Kd8 56. Ke6 1-0


[Site "https://www.chess.com"]

[Event "Titled Tuesday Blitz August 22 Late 2023"]
[White "Souleidis, Georgios"]
[Black "Polaczek, Richard"]
[WhiteFideId "4206827"]
[BlackFideId "200026"]
[WhiteElo "2545"]
[BlackElo "2401"]
[Result "0-1"]
[Round "10"]
[TimeControl "180+1"]
[Date "2023.08.22"]
[WhiteClock "0:00:00"]
[BlackClock "0:00:09"]
[Board "80"]

1. e4 Nf6 2. Nc3 d5 3. exd5 Nxd5 4. Bc4 Nb6 5. Bb3 Nc6 6. Qf3 e6 7. Nge2 Bd6 8. d3 O-O 9. O-O Na5 10. Ne4 Nxb3 11. axb3 Be7 12. Qg3 Bh4 13. Qf3 Nd5 14. Nf4 c6 15. d4 b6 16. c3 Bb7 17. Nh5 f5 18. Nd2 g6 19. Ng3 Qc7 20. Nc4 c5 21. dxc5 bxc5 22. Re1 Nf6 23. Qf4 Qc6 24. f3 g5 25. Qe5 g4 26. Na5 Qb6 27. Nxb7 Qxb7 28. Qxe6+ Qf7 29. Qxf7+ Rxf7 30. Rf1 Bxg3 31. hxg3 gxf3 32. gxf3 Rg7 33. Kf2 Re8 34. Ra5 Re5 35. Bf4 Rd5 36. c4 Rd3 37. Rxc5 Rxb3 38. Rb1 Rd7 39. Rxf5 Ne8 40. Rd5 Re7 41. Rd2 Nf6 42. Rc1 Rf7 43. Kg2 Nh5 0-1


[Site "https://www.chess.com"]